 Dungeon Crawl Stone Soup version 0.31-a0-167-g1c394c0614 (webtiles) character file.

Game seed: 13802176967787584676

244102 Pooter the Warrior (level 18, -31/171 HPs)
             Began as a Minotaur Berserker on June 13, 2023.
             Was an Elder of Trog.
             Killed from afar by Nikola (100 damage)
             ... with an arc of chain lightning
             ... on level 1 of the Vaults on June 15, 2023.
             The game lasted 03:57:26 (58757 turns).

Pooter the Warrior (Minotaur Berserker)            Turns: 58757, Time: 03:57:27

Health: -31/171    AC: 23    Str: 29    XL:     18   Next: 72%
Magic:  17/17      EV: 13    Int:  4    God:    Trog [****..]
Gold:   1555       SH: 19    Dex: 15    Spells: 17/17 levels left

rFire   + . .        a - +9 war axe (heavy)
rCold   . . .        Z - +2 kite shield {reflect}
rNeg    + . .        E - +6 plate armour {rPois}
rPois   +            (helmet restricted)
rElec   .            M - scarf {harm}
rCorr   .            B - +0 pair of gloves
SInv    +            (boots unavailable)
Will    ++...        s - amulet of reflection Stlth
                     F - ring "Iguirarress" {rF+ rN+ Str+4}
HPRegen 0.48/turn    S - ring "Imamaf" {Will+ SInv}
MPRegen 0.15/turn

%: harm (+30% outgoing, +20% incoming), reflection
@: on berserk cooldown, slowed, very slow
A: horns 2, retaliatory headbutt, hooves 3
}: 2/15 runes: decaying, serpentine
a: Renounce Religion, Berserk, Trog's Hand, Brothers in Arms


You were on level 1 of the Vaults.
You worshipped Trog.
Trog was greatly pleased with you.
You visited 7 branches of the dungeon, and saw 34 of its levels.

You collected 3996 gold pieces.
You spent 2441 gold pieces at shops.

Inventory:

Hand Weapons
 a - a +9 heavy war axe (weapon)
   (You took it off an orc warrior on level 5 of the Dungeon)
 b - the +8 sling "Trog's Wrath" {heavy, rCorr Str+4 Int+5}
   (You found it on level 3 of the Elven Halls)

   Str:       It affects your strength (+4).
   Int:       It affects your intelligence (+5).
   rCorr:     It protects you from acid and corrosion.
 c - a +3 sacred scourge of holy wrath
   (You took it off an angel on level 1 of the Elven Halls)
 A - a +3 antimagic broad axe
   (Trog gifted it to you on level 3 of the Elven Halls)
Missiles
 J - 14 boomerangs (quivered)
 K - 8 javelins
 Q - 3 datura-tipped darts
Armour
 x - a scarf of invisibility
   (You found it on level 1 of the Dungeon)
 B - a +0 pair of gloves (worn)
   (You found it on level 8 of the Dungeon)
 E - a +6 plate armour of poison resistance (worn)
   (You took it off an orc warlord on level 2 of the Orcish Mines)
 M - a scarf of harm (worn)
   (You found it on level 3 of the Lair of Beasts)
 Z - a +2 kite shield of reflection (worn)
   (You found it on level 13 of the Dungeon)
Jewellery
 m - the ring of the Flying Fool {rElec rF- rC+ MP+9 Str+6 Int+8}
   (You found it on level 2 of the Dungeon)

   [ring of strength]

   Str:       It affects your strength (+6).
   Int:       It affects your intelligence (+8).
   rF:        It makes you vulnerable to fire.
   rC:        It protects you from cold.
   rElec:     It insulates you from electricity.
   MP:        It affects your magic capacity (+9).
 n - a ring of flight
   (You found it on level 12 of the Dungeon)
 s - an amulet of reflection (around neck)
   (You took it off a goblin on level 3 of the Dungeon)
 F - the ring "Iguirarress" (left hand) {rF+ rN+ Str+4}
   (You took it off a deep elf annihilator on level 3 of the Elven Halls)

   [ring of protection from fire]

   Str:       It affects your strength (+4).
   rF:        It protects you from fire.
   rN:        It protects you from negative energy.
 I - the ring of Greed {rC+ rN+}
   (You found it on level 5 of the Lair of Beasts)

   [ring of positive energy]

   rC:        It protects you from cold.
   rN:        It protects you from negative energy.
 N - a ring of positive energy
   (You bought it in a shop on level 2 of the Orcish Mines)
 S - the ring "Imamaf" (right hand) {Will+ SInv}
   (You took it off a deep elf sorcerer on level 3 of the Elven Halls)

   [ring of see invisible]

   SInv:      It lets you see invisible.
   Will:      It increases your willpower.
 U - a ring of willpower
   (You found it on level 3 of the Lair of Beasts)
 W - a ring of protection from cold
   (You found it on level 9 of the Dungeon)
Wands
 d - a wand of iceblast (38)
   (You found it on level 5 of the Dungeon)
 f - a wand of flame (99)
   (You found it on level 9 of the Dungeon)
 u - a wand of paralysis (24)
   (You found it on level 11 of the Dungeon)
 y - a wand of polymorph (14)
   (You found it on level 14 of the Dungeon)
 D - a wand of digging (4)
   (You found it on level 3 of the Elven Halls)
 L - a wand of quicksilver (12)
   (You bought it in a shop on level 2 of the Orcish Mines)
 T - a wand of mindburst (16)
   (You found it on level 4 of the Lair of Beasts)
Scrolls
 g - 5 scrolls of poison
 h - 5 scrolls of fear
 i - 10 scrolls of identify {@r1}
 j - 5 scrolls of noise {!r}
 l - 3 scrolls of fog
 p - 2 scrolls of butterflies
 t - 6 scrolls of teleportation {@r4}
 v - 2 scrolls of blinking
 O - 5 scrolls of revelation
 V - a scroll of immolation {!r}
Potions
 e - 2 potions of invisibility
 k - 13 potions of heal wounds {@q2}
 o - 7 potions of enlightenment
 r - 8 potions of haste {@q3}
 w - 6 potions of lignification {!q}
 z - 14 potions of curing {@q1}
 C - 3 potions of might
 G - 2 potions of mutation {!q}
 P - 3 potions of resistance
 X - 3 potions of attraction {!q}
 Y - 2 potions of cancellation
Miscellaneous
 q - a phantom mirror
   (You found it on level 1 of the Swamp)
 H - a sack of spiders
   (You bought it in a shop on level 2 of the Orcish Mines)
 R - a piece from Xom's chessboard (15/15)
   (You found it on level 4 of the Lair of Beasts)


   Skills:
 + Level 17.7 Fighting
 - Level 17.4 Axes
 - Level 14.9 Ranged Weapons
 - Level 7.5 Throwing
 - Level 12.3 Armour
 + Level 12.6 Dodging
 + Level 10.5 Stealth
 - Level 11.3 Shields
 + Level 11.5 Evocations


You had 17 spell levels left.
You didn't know any spells.
Your spell library was empty.

Dungeon Overview and Level Annotations

Branches:
Dungeon (15/15)            Temple (0/1) D:7            Lair (5/5) D:10
  Swamp (4/4) Lair:3        Snake (4/4) Lair:3        Slime (0/5) Lair:4
    Orc (2/2) D:10            Elf (3/3) Orc:2        Vaults (1/5) D:14
 Depths (0/4) D:15

Altars:
Ashenzari
Dithmenos
Elyvilon
Makhleb
Nemelex Xobeh
Okawaru
Qazlal
Ru
Sif Muna
Trog
Uskayaw
Vehumet
Zin
The Shining One
Jiyva

Shops:
D:11 ?=*?   D:14 !   Orc:1 !   Orc:2 *=([*   Elf:1 :=:   Snake:1 ?   Snake:3 ?
Snake:4 :

Portals:
Trove: Elf:2 (show slimy rune of Zot)

Annotations:
Snake:1 2 transporters, exclusion: obsidian statue
Snake:2 3 runed translucent doors, hikkokomori's ghost, adept DgGl
Snake:3 2 transporters, Caumakya's ghost, adept MiFi
Snake:4 3 runed translucent doors, lmSkywalker's ghost, journeyman GnRe
Elf:2 3 runed translucent doors
Vaults:1 Nikola


Innate Abilities, Weirdness & Mutations

You have a pair of horns on your head.
You reflexively headbutt those who attack you in melee.
You have hooves in place of feet.


Message History

You climb downwards.
There is a stone staircase leading up here.
You see here 4 large rocks.
You see here a +0 troll leather armour.
There is a stone staircase leading down here.
You climb downwards.
There is a stone staircase leading up, spattered with blood here.
There is an escape hatch in the floor, spattered with blood here.
There is a stone staircase leading down here.
You climb downwards.
There is a stone staircase leading up here.
There is an open gate here.
There is an open door, spattered with blood here.
Items here: )) [[.
There is a gate to the Vaults here.
You go down through the gate.
Welcome to the Vaults!
This branch contains the silver rune of Zot.
There is a gate leading back out of this place here.
Nikola is nearby!
Blink to where?
Press: ? - help, Dir - move target
As you read the scroll of blinking, it crumbles to dust.
Nikola hits you but does no damage.
A red film seems to cover your vision as you go berserk!
You feel yourself moving faster!
You feel mighty!
Nikola gestures wildly while chanting.
Nikola blinks!
You feel a strong urge to attack something.
Nikola casts a spell at you. The bolt of lightning hits you!!
You hear a trumpeting! x3
You feel your anger nearly subside.
You are no longer berserk.
You are exhausted.
You feel yourself slow down. Nikola hits you but does no damage.
You are electrocuted!
You slash Nikola! You kick Nikola! Nikola barely misses you.
You furiously retaliate!
You headbutt Nikola!
Nikola mumbles some strange words.
Lightning arcs from Nikola's hands!
The bolt of lightning hits you!!!
* * * LOW HITPOINT WARNING * * *
A bolt of lightning appears from out of thin air!
The bolt of lightning hits Nikola.
You hear a trumpeting! x3; You hear a shout! x2
Unknown command.
You closely miss Nikola. You kick Nikola!
Nikola casts a spell.
Lightning arcs from Nikola's hands!
The bolt of lightning hits you!!!!
Ouch! That really hurt!
You die...

##+## ##...##
#.....#
###.....###
#..@......##
#....@......#
#.....#..∩..#
+...........#
##.........##
###.....###
#.....#
##...## ####


You could see Nikola.

Vanquished Creatures
  Mlioglotl (Swamp:1)
  The ghost of pokeman the Archmage, an adept DEHW of Vehumet (Elf:3)
  Jorgrun (Swamp:2)
  A deep elf master archer (Elf:3)
  3 thorn hunters (Swamp:4)
  Kirke (D:12)
  7 nagarajas
  8 deep elf sorcerers (Elf:3)
  Aizul (Snake:1)
  2 orc warlords
  A deep elf elementalist (Elf:3)
  2 angels (Elf:1)
  7 deep elf demonologists (Elf:3)
  3 eleionomae
  A dire elephant (Lair:5)
  6 deep elf annihilators (Elf:3)
  7 bunyips
  3 deep elf death magi (Elf:3)
  Snorg (D:14)
  An entropy weaver (shapeshifter) (D:14)
  A shambling mangrove (Swamp:4)
  Josephine (D:13)
  5 deep elf high priests (Elf:3)
  3 vault guards (D:14)
  6 ghost crabs
  20 hydras
  4 salamander tyrants
  A catoblepas (D:13)
  6 alligators
  2 centaur warriors
  13 dancing weapons
  7 anacondas
  2 boulder beetles
  15 naga warriors
  A death yak (Lair:5)
  5 two-headed ogres
  3 tengu warriors
  7 deep elf knights
  7 naga sharpshooters
  3 orc high priests (Orc:2)
  2 shock serpents
  4 goliath frogs
  3 spectral death yaks (Lair:5)
  A sixfirhy (D:13)
  5 spriggan druids
  3 salamander mystics
  A spectral anaconda (Lair:5)
  A wizard (D:14)
  2 naga ritualists
  5 bog bodies
  7 deep elf archers
  An obsidian statue (Lair:5)
  9 swamp dragons
  3 harpies (D:13)
  17 deep elf pyromancers
  21 deep elf zephyrmancers
  6 orc knights
  5 ugly things
  A steelbarb worm (shapeshifter) (D:13)
  5 necromancers
  3 mana vipers
  A wolf spider (D:15)
  6 cyclopes
  The ghost of liarliar the Covert, a novice SpEn of Okawaru (D:7)
  7 orc sorcerers
  4 will-o-the-wisps
  4 manticores
  12 salamanders
  A centaur zombie (D:15)
  25 black mambas
  18 elephants
  18 naga magi
  3 apocalypse crabs (Swamp:1)
  2 guardian serpents
  2 dire elephant skeletons (Lair:5)
  Maggie (Lair:1)
  A rime drake (Lair:1)
  2 unseen horrors
  7 komodo dragons
  2 centaur skeletons (D:15)
  2 tengu conjurers
  12 cane toads
  6 trolls
  A polar bear (Lair:2)
  9 tyrant leeches
  5 hornets
  4 dream sheep (Lair:5)
  A tarantella (shapeshifter) (D:14)
  9 blink frogs
  A spectral elephant (Lair:5)
  A shadow (D:13)
  7 slime creatures
  7 water elementals
  6 spriggans
  5 wyverns
  48 yaks
  2 air elementals (Elf:3)
  A vampire (D:12)
  A golden eye (shapeshifter) (D:14)
  5 basilisks
  2 fire elementals
  7 wraiths
  A hog (D:12)
  A human (D:14)
  4 fire bats (Lair:1)
  6 steam dragons
  5 vampire mosquitoes
  11 swamp worms
  2 death yak simulacra (Lair:5)
  9 wargs
  An acid dragon (D:13)
  40 nagas
  6 water moccasins
  5 swamp drakes (Swamp:4)
  4 black bears
  A hornet zombie (D:15)
  38 orc warriors
  3 elephant zombies (Lair:5)
  4 ice beasts
  A sky beast (D:6)
  7 ogres
  6 wolves
  An elephant skeleton (Lair:5)
  11 centaurs
  2 earth elementals
  A kobold brigand (D:8)
  12 bullfrogs
  2 gnoll sergeants
  4 cane toad simulacra (Lair:5)
  A scorpion (D:4)
  14 wights
  9 killer bees
  9 howler monkeys
  3 electric eels
  5 lava snakes
  5 jellies
  A bullfrog skeleton (D:5)
  3 gnoll boudas
  11 orc priests
  2 hounds
  Ijyb (D:5)
  2 iguanas
  A scorpion zombie (D:5)
  A sleepcap (D:6)
  Natasha (twice) (D:4)
  20 orc wizards
  4 hell rats (Lair:3)
  Terence (D:3)
  A statue (D:6)
  A killer bee zombie (D:5)
  19 gnolls
  7 adders
  A shadow imp (D:6)
  2 white imps
  2 ufetubi
  5 dart slugs
  87 orcs
  6 ball pythons
  3 bats
  7 endoplasms
  2 giant cockroaches
  6 goblins
  5 hobgoblins
  17 jackals
  8 kobolds
  2 quokkas
  2 frilled lizards
  6 rats
  A spectral weapon (Snake:4)
1007 creatures vanquished.

Vanquished Creatures (collateral kills)
  A deep elf archer (Elf:1)
  A deep elf pyromancer (Elf:1)
2 creatures vanquished.

Vanquished Creatures (others)
  A deep elf pyromancer (Orc:2)
  A deep elf zephyrmancer (Elf:1)
  2 bloated husks (Swamp:2)
  A shadow (D:12)
  2 humans (D:12)
  10 foxfires
17 creatures vanquished.

Grand Total: 1026 creatures vanquished

Notes
Turn   | Place    | Note
-------+----------+-------------------------------------------
     0 | D:1      | Pooter the Minotaur Berserker began the quest for the Orb.
     0 | D:1      | Reached XP level 1. HP: 19/19 MP: 0/0
   108 | D:1      | Reached XP level 2. HP: 22/27 MP: 1/1
   376 | D:1      | Reached XP level 3. HP: 33/33 MP: 2/2
   665 | D:2      | Reached ** piety under Trog
   924 | D:2      | Reached skill level 1 in Evocations
  1318 | D:2      | Identified the ring of the Flying Fool {rElec rF- rC+ MP+9
                  | Str+6 Int+8}
  1564 | D:2      | Found a bloodstained altar of Trog.
  1747 | D:3      | Noticed Terence
  1756 | D:3      | Killed Terence
  1757 | D:3      | Reached skill level 5 in Axes
  1757 | D:3      | Reached skill level 1 in Ranged Weapons
  1757 | D:3      | Reached XP level 4. HP: 29/41 MP: 3/3
  2346 | D:3      | Reached XP level 5. HP: 32/47 MP: 4/4
  2703 | D:4      | Reached *** piety under Trog
  2913 | D:4      | Reached XP level 6. HP: 55/55 MP: 5/5
  2938 | D:4      | Reached skill level 5 in Fighting
  2946 | D:4      | Noticed Natasha
  2952 | D:4      | Killed Natasha
  3251 | D:4      | Noticed Natasha
  3257 | D:4      | Killed Natasha
  3346 | D:5      | Entered Level 5 of the Dungeon
  3473 | D:5      | Noticed a steam dragon
  3482 | D:5      | Killed a steam dragon
  3483 | D:5      | Reached XP level 7. HP: 56/61 MP: 6/6
  3687 | D:5      | Noticed Ijyb
  4113 | D:5      | Found a hide-covered altar of Uskayaw.
  4144 | D:5      | Found a stormy altar of Qazlal.
  4197 | D:5      | Killed Ijyb
  4205 | D:5      | Reached skill level 5 in Ranged Weapons
  4397 | D:5      | Found a burning altar of Makhleb.
  4398 | D:5      | Found a sacrificial altar of Ru.
  4508 | D:6      | Reached XP level 8. HP: 64/70 MP: 7/7
  4575 | D:6      | HP: 5/105 [something (10)]
  5165 | D:6      | Found a bloodstained altar of Trog.
  5210 | D:6      | Found a radiant altar of Vehumet.
  5567 | D:7      | Found a transporter.
  5567 | D:7      | Noticed a komodo dragon
  5567 | D:7      | Noticed liarliar's ghost (novice SpEn)
  5570 | D:7      | Noticed a two-headed ogre
  5640 | D:7      | Found a staircase to the Ecumenical Temple.
  5662 | D:7      | Reached XP level 9. HP: 76/78 MP: 8/8
  5797 | D:7      | Found a shimmering blue altar of Sif Muna.
  5955 | D:7      | Found a glowing golden altar of the Shining One.
  5958 | D:7      | Found a glowing silver altar of Zin.
  5958 | D:7      | Found a white marble altar of Elyvilon.
  6026 | D:7      | Found a transporter.
  6615 | D:8      | Found a large runed translucent door.
  6616 | D:8      | Found a large runed translucent door.
  6668 | D:8      | Reached skill level 10 in Axes
  7003 | D:8      | Found an iron altar of Okawaru.
  7020 | D:8      | Found a broken altar of Ashenzari.
  7089 | D:9      | Noticed a manticore
  7094 | D:9      | Killed a manticore
  7095 | D:9      | Reached skill level 5 in Evocations
  7180 | D:9      | Reached XP level 10. HP: 66/88 MP: 9/9
  7372 | D:9      | Found a sparkling altar of Nemelex Xobeh.
  7399 | D:9      | Reached **** piety under Trog
  7943 | D:9      | Noticed a two-headed ogre
  7946 | D:9      | Killed a two-headed ogre
  8038 | D:10     | Entered Level 10 of the Dungeon
  8408 | D:10     | Reached skill level 10 in Ranged Weapons
  8420 | D:10     | Found a staircase to the Lair.
  8694 | D:10     | Reached skill level 1 in Shields
  8709 | D:10     | Found a staircase to the Orcish Mines.
  9073 | Orc:1    | Entered Level 1 of the Orcish Mines
  9079 | Orc:1    | Noticed a cyclops
  9253 | Orc:1    | Killed a cyclops
  9254 | Orc:1    | Reached XP level 11. HP: 97/97 MP: 10/10
  9384 | Orc:2    | Entered Level 2 of the Orcish Mines
  9451 | Orc:1    | Noticed an orc warlord
  9466 | Orc:2    | Killed an orc warlord
  9793 | Orc:2    | Found Xaotsati's Assorted Antiques.
  9801 | Orc:2    | Bought a scroll labelled GUCETAK ASATH for 28 gold pieces
  9801 | Orc:2    | Bought a copper wand for 112 gold pieces
  9801 | Orc:2    | Bought a scratched jade ring for 140 gold pieces
  9801 | Orc:2    | Bought a bronze ring for 140 gold pieces
 10010 | Orc:1    | Found Fepyapn's Distillery.
 10016 | Orc:1    | Noticed a two-headed ogre
 10022 | Orc:1    | Killed a two-headed ogre
 10107 | Orc:1    | Bought a potion of curing for 39 gold pieces
 10107 | Orc:1    | Bought a potion of might for 52 gold pieces
 10107 | Orc:1    | Bought a potion of curing for 39 gold pieces
 10107 | Orc:1    | Bought a potion of curing for 39 gold pieces
 10107 | Orc:1    | Bought a potion of degeneration for 13 gold pieces
 10107 | Orc:1    | Bought a potion of mutation for 104 gold pieces
 10139 | Orc:2    | Noticed an orc high priest
 10176 | Orc:2    | Killed an orc high priest
 10251 | Orc:2    | Noticed an orc sorcerer
 10251 | Orc:2    | Noticed an orc sorcerer
 10269 | Orc:2    | Noticed an orc sorcerer
 10565 | Orc:2    | Killed an orc sorcerer
 10567 | Orc:2    | Killed an orc sorcerer
 10576 | Orc:2    | Gained mutation: You do not regenerate when monsters are
                  | visible. [a neqoxec]
 10579 | Orc:2    | Gained mutation: Your body sometimes deteriorates upon
                  | taking damage. [a neqoxec]
 10580 | Orc:2    | Gained mutation: You are frail. (-10% HP) [a neqoxec]
 10581 | Orc:2    | Gained mutation: You are resistant to electric shocks.
                  | (rElec) [a neqoxec]
 10583 | Orc:2    | Killed an orc sorcerer
 10649 | Orc:2    | Noticed an orc knight
 10857 | Orc:2    | Killed an orc knight
 10858 | Orc:2    | Reached skill level 10 in Fighting
 11085 | Orc:1    | Lost mutation: You are frail. (-10% HP) [potion of
                  | mutation]
 11085 | Orc:1    | Lost mutation: You do not regenerate when monsters are
                  | visible. [potion of mutation]
 11085 | Orc:1    | Gained mutation: Your magical capacity is low. (-10% MP)
                  | [potion of mutation]
 11120 | Orc:2    | Noticed an orc warlord
 11166 | Orc:2    | Noticed an orc knight
 11176 | Orc:1    | Killed an orc warlord
 11220 | Orc:2    | Killed an orc knight
 11253 | Orc:2    | Reached XP level 12. HP: 106/106 MP: 9/9
 11355 | Orc:2    | Reached skill level 5 in Shields
 13004 | Orc:2    | Found Uqotwo's General Store.
 13012 | Orc:2    | Bought a potion of might for 64 gold pieces
 13056 | Orc:2    | Found a staircase to the Elven Halls.
 13072 | Orc:2    | Noticed an orc high priest
 13080 | Orc:2    | Killed an orc high priest
 13083 | Orc:2    | Noticed an orc high priest
 13094 | Orc:2    | Killed an orc high priest
 13312 | Orc:2    | Found Lacwoc's Antique Weapon Shoppe.
 13345 | Orc:2    | Found Bitoux's Antique Armour Shoppe.
 13496 | Orc:2    | Found Ifuenum's Jewellery Shop.
 13673 | Lair:1   | Entered Level 1 of the Lair of Beasts
 14308 | Lair:1   | Reached skill level 15 in Axes
 14308 | Lair:1   | Reached skill level 5 in Armour
 14317 | Lair:1   | Noticed Maggie
 14327 | Lair:1   | Killed Maggie
 14794 | Lair:2   | Reached XP level 13. HP: 116/116 MP: 10/10
 15747 | Lair:3   | Found a staircase to the Swamp.
 16115 | Lair:3   | Found a staircase to the Snake Pit.
 16221 | Lair:3   | Identified the +6 quarterstaff "Zankitisod" {spect, rF- rC+
                  | rN+ Int+2}
 17135 | Lair:4   | Reached skill level 1 in Throwing
 17137 | Lair:4   | Reached skill level 1 in Stealth
 17197 | Lair:4   | Found a staircase to the Slime Pits.
 17197 | Lair:4   | Found a viscous altar of Jiyva.
 17336 | Lair:4   | Lost mutation: Your body sometimes deteriorates upon taking
                  | damage. [potion of mutation]
 17336 | Lair:4   | Lost mutation: Your magical capacity is low. (-10% MP)
                  | [potion of mutation]
 17336 | Lair:4   | Gained mutation: You are vulnerable to cold. (rC-) [potion
                  | of mutation]
 17336 | Lair:4   | Gained mutation: Your system is resistant to poisons.
                  | (rPois) [potion of mutation]
 17336 | Lair:4   | Gained mutation: You occasionally lose the ability to read
                  | scrolls when taking damage. [potion of mutation]
 17337 | Lair:4   | Lost mutation: You are vulnerable to cold. (rC-) [potion of
                  | mutation]
 17337 | Lair:4   | Lost mutation: You are resistant to electric shocks.
                  | (rElec) [potion of mutation]
 17337 | Lair:4   | Gained mutation: You expend magic power (3 MP) to
                  | strengthen your wands. [potion of mutation]
 17337 | Lair:4   | Gained mutation: You have large cloven feet. [potion of
                  | mutation]
 17517 | Lair:5   | Entered Level 5 of the Lair of Beasts
 17517 | Lair:5   | Found a shadowy altar of Dithmenos.
 18314 | Lair:5   | Identified the +2 quarterstaff "Konopleh" {freeze, rElec
                  | rN+ Will+ Stlth+}
 18486 | Lair:5   | Noticed a dire elephant
 18609 | Lair:5   | Reached XP level 14. HP: 122/127 MP: 13/13
 19344 | Lair:5   | Identified the ring of Greed {rC+ rN+}
 19716 | Lair:5   | Reached ***** piety under Trog
 20054 | D:11     | Found Huadghop's Assorted Antiques.
 20061 | D:11     | Bought a scroll labelled MOBA KYFYNKIFF for 29 gold pieces
 20061 | D:11     | Bought 2 puce potions for 52 gold pieces
 20154 | D:11     | Found Jiroocix's Magic Scroll Shoppe.
 20185 | D:11     | Bought a scroll of identify for 32 gold pieces
 20185 | D:11     | Bought a scroll of enchant weapon for 120 gold pieces
 20185 | D:11     | Bought a scroll of identify for 32 gold pieces
 20185 | D:11     | Bought a scroll of identify for 32 gold pieces
 20185 | D:11     | Bought a scroll of identify for 32 gold pieces
 20279 | D:11     | Found Hecopred's Magic Scroll Shoppe.
 20287 | D:11     | Bought a scroll of identify for 24 gold pieces
 20287 | D:11     | Bought a scroll of identify for 24 gold pieces
 20287 | D:11     | Bought a scroll of enchant armour for 90 gold pieces
 20287 | D:11     | Bought a scroll of blinking for 90 gold pieces
 20287 | D:11     | Bought a scroll of identify for 24 gold pieces
 20477 | D:11     | Found Ziemn's Jewellery Shoppe.
 20718 | D:12     | Upgraded the game from 0.31-a0-164-g2312942fda to
                  | 0.31-a0-167-g1c394c0614
 20751 | D:12     | Noticed Kirke
 20756 | D:12     | Killed Kirke
 20757 | D:12     | Reached skill level 5 in Dodging
 20950 | D:12     | Received a gift from Trog
 21318 | D:12     | Lost mutation: You expend magic power (3 MP) to strengthen
                  | your wands. [potion of mutation]
 21318 | D:12     | Lost mutation: You occasionally lose the ability to read
                  | scrolls when taking damage. [potion of mutation]
 21318 | D:12     | Lost mutation: Your system is resistant to poisons. (rPois)
                  | [potion of mutation]
 21318 | D:12     | Gained mutation: You have hoof-like feet. [potion of
                  | mutation]
 21318 | D:12     | Gained mutation: You have hooves in place of feet. [potion
                  | of mutation]
 21720 | D:13     | Noticed Josephine
 21742 | D:13     | Killed Josephine
 22520 | D:14     | Found Tuuqu's Distillery.
 22520 | D:14     | Noticed Snorg
 22529 | D:14     | Killed Snorg
 22530 | D:14     | Reached XP level 15. HP: 95/136 MP: 14/14
 22644 | D:14     | Bought a potion of curing for 54 gold pieces
 22644 | D:14     | Bought a potion of cancellation for 144 gold pieces
 22644 | D:14     | Bought a potion of heal wounds for 90 gold pieces
 22644 | D:14     | Bought a potion of heal wounds for 90 gold pieces
 22644 | D:14     | Bought a potion of might for 72 gold pieces
 23643 | D:14     | Reached skill level 5 in Throwing
 26338 | D:14     | Found a gate to the Vaults.
 27112 | D:15     | Entered Level 15 of the Dungeon
 28087 | D:15     | Reached skill level 5 in Stealth
 28211 | D:15     | Found a staircase to the Depths.
 28891 | D:7      | Killed liarliar's ghost
 29267 | Swamp:1  | Entered Level 1 of the Swamp
 29277 | Swamp:1  | Noticed Mlioglotl
 29405 | Swamp:1  | Killed Mlioglotl
 29746 | Swamp:1  | Reached skill level 10 in Armour
 30209 | Swamp:1  | Found a runed translucent door.
 33333 | Swamp:2  | Identified the +4 scale mail "Akhog" {Slay+2}
 33358 | Swamp:2  | Noticed Jorgrun
 33363 | Swamp:2  | Killed Jorgrun
 33382 | Swamp:2  | Reached XP level 16. HP: 67/146 MP: 15/15
 34005 | Swamp:2  | You are sucked into a shaft and drop 1 floor!
 34047 | Swamp:3  | Reached skill level 10 in Shields
 35377 | Swamp:4  | Entered Level 4 of the Swamp
 38225 | Swamp:4  | Noticed a thorn hunter
 38232 | Swamp:4  | Killed a thorn hunter
 38246 | Swamp:4  | Noticed a thorn hunter
 38252 | Swamp:4  | Killed a thorn hunter
 38629 | Swamp:4  | Noticed a thorn hunter
 38664 | Swamp:4  | Killed a thorn hunter
 39224 | Swamp:4  | Got a decaying rune of Zot
 39247 | Swamp:4  | Identified the +1 short sword of the Dragonfly {flame,
                  | rCorr Dex+2}
 39717 | Orc:2    | Bought a sack of spiders for 640 gold pieces
 39928 | Snake:1  | Entered Level 1 of the Snake Pit
 41257 | Snake:1  | Reached skill level 15 in Fighting
 41452 | Snake:1  | Noticed Aizul
 41506 | Snake:1  | Killed Aizul
 41651 | Snake:1  | Found a transporter.
 41655 | Snake:1  | Found a transporter.
 41678 | Snake:1  | Paralysed by a naga mage for 3 turns
 42012 | Snake:1  | Found Noruuwol's Magic Scroll Shop.
 42964 | Snake:2  | Found a runed translucent gate.
 42964 | Snake:2  | Found a runed translucent gate.
 42966 | Snake:2  | Found a runed translucent gate.
 43834 | Snake:2  | Reached XP level 17. HP: 156/156 MP: 16/16
 44457 | Snake:2  | Noticed hikkokomori's ghost (adept DgGl)
 46072 | Snake:3  | Found a transporter.
 46078 | Snake:3  | Noticed Caumakya's ghost (adept MiFi)
 46200 | Snake:3  | Found Mioti's Magic Scroll Shoppe.
 46523 | Snake:3  | Found a transporter.
 46744 | Snake:3  | Reached skill level 10 in Dodging
 46928 | Snake:4  | Entered Level 4 of the Snake Pit
 46981 | Snake:4  | Noticed lmSkywalker's ghost (journeyman GnRe)
 46992 | Snake:4  | Found Cudy's Self-Improvement Boutique.
 47003 | Snake:4  | Found a runed translucent gate.
 47006 | Snake:4  | Found a runed translucent gate.
 47007 | Snake:4  | Found a runed translucent gate.
 48931 | Snake:4  | Reached skill level 10 in Evocations
 51042 | Snake:4  | Found a radiant altar of Vehumet.
 52205 | Snake:4  | Got a serpentine rune of Zot
 52646 | Elf:1    | Entered Level 1 of the Elven Halls
 52991 | Elf:1    | Found Peonu's Book Boutique.
 53312 | Elf:1    | Identified the orb of Gehontoxt {mayhem, rF++}
 53313 | Elf:1    | Found a white marble altar of Elyvilon.
 53358 | Elf:1    | Found a glowing silver altar of Zin.
 53358 | Elf:1    | Found a glowing golden altar of the Shining One.
 54153 | Elf:1    | Reached XP level 18. HP: 137/168 MP: 17/17
 54534 | Elf:1    | Found Utyrchitt's Jewellery Emporium.
 54535 | Elf:1    | Found Soficum's Book Boutique.
 54987 | Elf:2    | Found a runed translucent gate.
 54987 | Elf:2    | Found a runed translucent gate.
 54987 | Elf:2    | Found a runed translucent gate.
 55388 | Elf:2    | Found a portal to a secret trove of treasure.
 55610 | Elf:3    | Entered Level 3 of the Elven Halls
 56044 | Elf:3    | Found a runed translucent door.
 56045 | Elf:3    | Noticed pokeman's ghost (adept DEHW)
 56060 | Elf:3    | Killed pokeman's ghost
 56130 | Elf:3    | Found a radiant altar of Vehumet.
 56225 | Elf:3    | Received a gift from Trog
 57140 | Elf:3    | Identified the staff of fire "Eliam" {rF+ rC+}
 57176 | Elf:3    | Identified the ring of Satyriasis {MP+9 Str+6 Int+4 Stlth-}
 57193 | Elf:3    | Reached skill level 10 in Stealth
 57347 | Elf:3    | Identified the staff of fire "Ranuulei" {rPois rF+}
 57350 | Elf:3    | Identified the ring "Iguirarress" {rF+ rN+ Str+4}
 57353 | Elf:3    | Identified the ring "Imamaf" {Will+ SInv}
 57462 | Elf:3    | Noticed a Tzitzimitl
 57469 | Elf:3    | Identified the ring of Gigg {rPois rC+ Will+ Int+5}
 57477 | Elf:3    | Identified the +8 hand axe "Killer Bee's Death" {vamp,
                  | Will+ SInv}
 57480 | Elf:3    | Noticed a Hell Sentinel
 57967 | Elf:3    | Identified the +8 sling "Trog's Wrath" {heavy, rCorr Str+4
                  | Int+5}
 57976 | Elf:3    | Identified the staff of earth "Aqakecs" {Fly Int-5 SInv}
 58237 | Elf:3    | Paralysed by an air elemental for 1 turns
 58241 | Elf:3    | Paralysed by an air elemental for 1 turns
 58493 | Elf:3    | Identified the staff of conjuration "Fuzeil Jelo" {rF+
                  | Str-2 Dex+2}
 58749 | Vaults:1 | Entered Level 1 of the Vaults
 58749 | Vaults:1 | Noticed Nikola
 58757 | Vaults:1 | Killed from afar by Nikola

Illustrated notes

Levels and vault maps discovered:
D:1:      dpeg_arrival_simpleton_c, layout_basic
D:2:      layout_loops_corners, basic_altar, minmay_tromino_i4
D:3:      layout_basic, minmay_fountain_box, minmay_unequal, uniq_terence
D:4:      layout_gridville, due_unseen_surprise, uniq_natasha
D:5:      layout_rooms, nicolae_uskayaw_murder_on_the_dancefloor,
          gammafunk_temple_overflow_pools, nicolae_qazlal_eye_of_the_storm,
          serial_undead, serial_undead_d, serial_undead_c, serial_undead_d,
          serial_undead_e, uniq_ijyb
D:6:      layout_loops_ring, vehumet_statue, mainiacjoe_overflow_tiny_flanked,
          minmay_misc_feat_iff
D:7:      layout_loops_ring, dreamdust_divine_triumvirate,
          mainiacjoe_overflow_small_starburst, minmay_temple_entry_tees,
          gammafunk_ghost_arena
D:8:      layout_rooms, jmf_multi_god_temple2, grunt_ogre_cave
D:9:      layout_loops_ring, kennysheep_mini_moat, kennysheep_generic_room_12
D:10:     layout_basic, david_lair_shrubbed, hiddenorc1_lemuel,
          dreamdust_princess_corridor
D:11:     layout_loops_cross, serial_shops, nicolae_shop_tiny_waterfront,
          shop_statue, nicolae_shop_overgrown_old_shop, shop
D:12:     layout_basic, uniq_kirke
D:13:     kennysheep_demon_hangout, layout_rooms, argonaut_gorgonesque,
          uniq_josephine
D:14:     layout_loops_corners, grunt_vaults_entry_fortified, serial_shops,
          shop_statue, minmay_misc_feat_columns, minmay_misc_feat_roman,
          uniq_snorg
D:15:     grunt_enter_depths_magical_seal, layout_basic, skrybe_limestone_x
Lair:1:   layout_gridlike, uniq_maggie
Lair:2:   layout_cave_pods, grunt_forest_stairs_clearing
Lair:3:   layout_concentric_octagons, minmay_swamp_entry_eels,
          nicolae_snake_entry_warm_welcome, serial_bayou_pond_e,
          lemuel_fruit_tree, grunt_megastairs_3
Lair:4:   layout_cave_pods, nicolae_slime_entry_slimehenge
Lair:5:   due_jungle_book, layout_cave_pods, basic_altar,
          grunt_forest_large_clearings, lemuel_fruit_fields
Swamp:1:  gammafunk_mikee_crab_dinner, layout_basic_swamp,
          evilmike_swamp_ruin_house_3, swamp_pool3, uniq_mlioglotl
Swamp:2:  layout_falls_marsh, evilmike_swamp_ruin_wall,
          infiniplex_staircase_pool, uniq_jorgrun
Swamp:3:  layout_falls_marsh, serial_swamp_ruin, hangedman_swamp_ruin_wall,
          evilmike_swamp_ruin_rubble_1, evilmike_swamp_ruin_rubble_2
Swamp:4:  swamp_alternative, layout_basic_swamp, swamp_pool2,
          nicolae_swamp_round_clearing, hangedman_swamp_lotus
Snake:1:  gammafunk_sealed_arena, layout_layer_cave, serial_shops,
          nicolae_shop_pleasant_corner_grove, serial_bayou_shore_a, uniq_aizul
Snake:2:  layout_onion_interference, gammafunk_ghost_split
Snake:3:  layout_grid_maze, gammafunk_ghost_arena, serial_shops, shop_fountains,
          hangedman_snake_corridor_split
Snake:4:  minmay_snake_end_coiled, layout_cave_town, basic_altar,
          gammafunk_ghost_split, nicolae_shop_self_help
Orc:1:    layout_diamond_mine, serial_shops, nicolae_shop_industrial_runoff
Orc:2:    grunt_orc_gardens, layout_caves, grunt_orc_garden, grunt_orc_garden,
          grunt_orc_garden, grunt_orc_garden, basic_altar, serial_shops, shop,
          nooodl_orcs_dogs
Elf:1:    minmay_elf_arrival_circle, layout_geoelf_diagonals,
          portal_desolation_entry_holy_temple,
          hangedman_elven_crosses_minicolossus, minmay_shop_grove
Elf:2:    elven_hall_of_blades_hangedman_original [nicolae_blade_bullseye],
          layout_geoelf_diagonals, nicolae_trove_entry_crystal, st_stairs_14
Elf:3:    minmay_elf_hall_not_hex, layout_gridlike, gammafunk_ghost_grave,
          basic_altar
Vaults:1: v_rooms_1, ontoclasm_vaults_ligature, nicolae_vaults_six-pack,
          nicolae_vaults_border_crossing, nicolae_vaults_offset_grid_hallway_4,
          nicolae_vaults_more_shelving_1,
          nicolae_vaults_taking_the_gang_shopping,
          nicolae_vaults_three_branches, nicolae_vaults_cochlea,
          nicolae_vaults_display_case, vaults_room_pool,
          nicolae_vaults_oval_intersection, nicolae_vaults_hexular_roomagon,
          nicolae_vaults_tetromino_L_2, layout_vaults_omnibox, uniq_nikola

Skill      XL: |  1  2  3  4  5  6  7  8  9 10 11 12 13 14 15 16 17 18 |
---------------+-------------------------------------------------------+-----
Axes           | 4 5 6 7 9 10 12 13 15 16 17 | 17.4
Fighting       | 4 5 6 8 9 10 11 12 13 14 15 16 17 | 17.7
Evocations     | 1 2 3 4 5 6 7 8 10 11 | 11.5
Ranged Weapons | 1 2 4 5 7 8 10 11 13 14 | 14.9
Shields        | 2 4 5 6 7 9 11 | 11.3
Armour         | 5 7 9 10 12 | 12.3
Throwing       | 2 4 6 7 |  7.5
Stealth        | 2 4 5 7 9 10 | 10.5
Dodging        | 3 5 7 9 11 12 | 12.6

Action                     |  1- 3 |  4- 6 |  7- 9 | 10-12 | 13-15 | 16-18 || total
---------------------------+-------+-------+-------+-------+-------+-------++-------
  Melee: Hand axe          |    27 |       |       |       |       |       ||    27
         Headbutt          |    10 |     9 |    21 |    65 |   106 |   136 ||   347
         War axe           |    63 |    35 |    81 |   377 |   536 |   638 ||  1730
         Punch             |     1 |       |       |       |       |       ||     1
         Executioner's axe |       |    20 |    50 |       |       |       ||    70
         Kick              |       |       |       |       |    63 |   202 ||   265
   Fire: Sling             |    13 |    61 |    35 |   135 |   228 |   249 ||   721
  Throw: Javelin           |       |       |     1 |     1 |       |       ||     2
         Boomerang         |       |       |       |    12 |    33 |    38 ||    83
         Throwing net      |       |       |       |     1 |       |       ||     1
 Invoke: Trog's Hand       |       |     1 |     6 |    25 |    18 |    27 ||    77
         Berserk           |       |     1 |     7 |    16 |    17 |    28 ||    69
         Brothers in Arms  |       |       |       |       |     1 |       ||     1
  Evoke: Wand              |       |       |     1 |     7 |    15 |     2 ||    25
         Piece from Xom's  |       |       |       |       |    13 |       ||    13
    Use: Scroll            |     1 |     6 |    10 |     9 |    14 |    15 ||    55
         Potion            |       |       |       |     1 |     4 |     2 ||     7
   Stab: Invisible         |       |       |       |       |       |     3 ||     3
 Armour: Animal skin       |     2 |       |       |       |       |       ||     2
         Plate armour      |    56 |    44 |    87 |   170 |   262 |   276 ||   895
  Dodge: Dodged            |    48 |    35 |    56 |    98 |   148 |   244 ||   629
  Block: Buckler           |       |     4 |       |       |       |       ||     4
         Other             |       |    14 |    19 |       |       |       ||    33
         Reflection        |       |     1 |     2 |    14 |    37 |   105 ||   159
         Kite shield       |       |       |    59 |   352 |   520 |   648 ||  1579

Table legend: (Time is in decaauts)
 A = Elapsed time spent in this place.
 B = Non-inter-level travel time spent in this place.
 C = Inter-level travel time spent in this place.
 D = Time resting spent in this place.
 E = Time spent auto-exploring this place.
 F = Levels seen in this place.
 G = Mean time per level.
                   A        B        C        D        E       F      G
               +--------+--------+--------+--------+--------+-----+--------+
         Total |  59991 |  57195 |   2796 |  29380 |  18457 |  34 | 1764.4 |
       Dungeon |  19263 |  17862 |   1401 |   6643 |   8592 |  15 | 1284.2 |
          Lair |   6843 |   6297 |    546 |   1280 |   3975 |   5 | 1368.6 |
         Swamp |  10349 |  10130 |    219 |   7353 |   1596 |   4 | 2587.2 |
     Snake Pit |  12617 |  12435 |    182 |   8141 |   2719 |   4 | 3154.2 |
  Orcish Mines |   4754 |   4472 |    282 |   2985 |    635 |   2 | 2377.0 |
   Elven Halls |   6154 |   5991 |    163 |   2976 |    938 |   3 | 2051.3 |
        Vaults |      7 |      7 |      0 |      0 |      0 |   1 |    7.0 |
               +--------+--------+--------+--------+--------+-----+--------+

Top non-repeatable levels by time:
 Snake:4: 4991 daAuts
    D:14: 4923 daAuts
 Swamp:4: 3865 daAuts
 Swamp:1: 3583 daAuts
   Orc:2: 3208 daAuts
 Snake:1: 2903 daAuts
   Elf:3: 2806 daAuts
 Snake:3: 2501 daAuts
  Lair:5: 2391 daAuts
   Elf:1: 2286 daAuts
 Snake:2: 2221 daAuts
    D:15: 1633 daAuts
    D:10: 1625 daAuts
 Swamp:3: 1577 daAuts
   Orc:1: 1546 daAuts
